 Dungeon Crawl Stone Soup version 0.20.1-1-g8b1a95d (webtiles) character file.

49 MasterBenM the Skirmisher (level 3, 0/33 HPs)
             Began as a Draconian Chaos Knight on Sept 11, 2017.
             Slain by a hobgoblin
             ... wielding a +0 club
             ... led by Robin
              (1 damage)
             ... on level 1 of the Dungeon.
             The game lasted 00:16:30 (1106 turns).

MasterBenM the Skirmisher (Draconian Chaos Knight)  Turns: 1106, Time: 00:16:30

Health: 0/33       AC:  5    Str: 14    XL:     3   Next: 53%
Magic:  3/3        EV: 13    Int: 12    God:    Xom [.....*]
Gold:   74         SH:  0    Dex: 11    Spells: 2/2 levels left

rFire    . . .     SeeInvis .   a - +1 falchion (chaos)
rCold    + . .     Gourm    .   (no shield)
rNeg     . . .     Faith    .   (armour unavailable)
rPois    .         Spirit   .   (helmet restricted)
rElec    .         Reflect  .   (no cloak)
rCorr    .         Harm     .   (no gloves)
MR       .....                  (no boots)
Stlth    +.........             (no amulet)
Regen    0.2/turn               e - ring of protection from cold
MPRegen  0.1/turn               j - +1 ring of evasion

@: no status effects
A: unfitting armour, cold-blooded, AC +5
a: Renounce Religion


You were on level 1 of the Dungeon.
You worshipped Xom.
You were Xom's teddy bear.
You were not hungry.

You visited 1 branch of the dungeon, and saw 2 of its levels.

You collected 74 gold pieces.

Inventory:

Hand Weapons
 a - a +1 falchion of chaos (weapon)
 d - a +0 club
 f - a +0 club
 h - a +0 dagger
 n - a +0 hand axe
 o - a +0 dagger
Missiles
 g - 18 sling bullets
 k - 3 curare-tipped needles (quivered)
 p - 38 stones
Jewellery
 e - a ring of protection from cold (left hand)
 j - a +1 ring of evasion (right hand)
Scrolls
 l - a scroll of identify
 r - a scroll of remove curse
Potions
 s - a potion of lignification {unknown}
Comestibles
 b - a bread ration
 c - 4 chunks of flesh
 i - a meat ration


   Skills:
 + Level 4.0 Fighting
 + Level 3.8 Long Blades
 + Level 2.4 Dodging


You had 2 spell levels left.
You didn't know any spells.

Dungeon Overview and Level Annotations

Branches:
Dungeon (2/15)

Altars:

Annotations:
D:2 Robin


Innate Abilities, Weirdness & Mutations

Your plain brown scales are hard. (AC +5)
You cannot fit into any form of body armour.
You are cold-blooded and may be slowed by cold attacks.


Message History

[the floor.]
The goblin misses you.
You riposte.
You barely miss the goblin. The bat closely misses you.
You riposte.
You barely miss the bat.
Robin roars a battlecry!
The goblin goes into a battle-frenzy!
The goblin hits you with a dagger! The bat hits you but does no damage.
The bat hits you but does no damage. The goblin hits you with a dagger.
* * * LOW HITPOINT WARNING * * *
There is a stone staircase leading up here.
The bat closely misses you. The hobgoblin barely misses you.
The goblin hits you with a dagger!
* * * LOW HITPOINT WARNING * * *
You climb upwards.
There is a stone staircase leading down here.
You hit the hobgoblin.
The hobgoblin is lightly wounded.
The hobgoblin hits you with a club.
You die... "It was about time."

.....'......##.....##
.....'......###....#
..#####.....# ####.#
###.........# #.#
#....##.....#### #.#
........##.....###.#
................##.#
.................#>#
...............g@#.#
................g#.#
.................#.#
.................#.#
.................#.#
................#..#
........##.....#..##
######.#####.......#
...................#


You could see a hobgoblin and a goblin.

Vanquished Creatures
  A gnoll (D:1)
  A worm (D:2)
  A dart slug (D:1)
  A dart slug (shapeshifter) (D:1)
  4 bats
  A giant cockroach (D:1)
  6 goblins (D:1)
  4 hobgoblins
  4 jackals (D:1)
  A ball python (D:1)
  2 frilled lizards (D:1)
  2 kobolds
  6 rats
34 creatures vanquished.

Notes
Turn   | Place    | Note
-------+----------+-------------------------------------------
     0 | D:1      | MasterBenM the Draconian Chaos Knight began the quest for the Orb.
     0 | D:1      | Reached XP level 1. HP: 19/19 MP: 1/1
   135 | D:1      | XOM: harmless Conj miscast
   234 | D:1      | XOM: harmless Pois miscast
   379 | D:1      | Reached XP level 2. HP: 23/26 MP: 2/2
   536 | D:1      | XOM: polymorph rat -> leopard gecko
   716 | D:1      | Reached XP level 3. HP: 33/33 MP: 3/3
   788 | D:1      | XOM: cloud trail
   979 | D:2      | Reached skill level 4 in Fighting
  1082 | D:2      | XOM: cloud trail
  1097 | D:2      | Noticed Robin
  1104 | D:2      | HP: 1/33 [goblin/dagger[Robin] (9)]
  1106 | D:1      | Slain by a hobgoblin

Skill      XL: |  1  2  3 |
---------------+----------+-----
Fighting       | 4 |  4.0
Long Blades    | |  3.8
Dodging        | |  2.4

Action                   || total
-------------------------++-------
Melee: Falchion          ||    92
       Tailslap          ||    11
  Use: Potion            ||     2
       Scroll            ||     6
 Stab: Confused          ||     1
  Eat: Chunk             ||     1
Armor: Skin              ||    41
Dodge: Dodged            ||    65
       Rpst.: Falchion   ||    19
